 Dungeon Crawl Stone Soup version 0.31-a0-986-g5e6e4ef867 (webtiles) character file.

Game seed: 11439542917870324885

9809 Frost42 the Protected (level 11, -8/97 HPs)
             Began as a Minotaur Fighter on Nov 9, 2023.
             Was a High Priest of the Shining One.
             Mangled by a death yak (17 damage)
             ... on level 8 of the Dungeon on Nov 14, 2023.
             The game lasted 00:59:52 (10975 turns).

Frost42 the Protected (Minotaur Fighter)           Turns: 10975, Time: 00:59:53

Health: -8/97      AC: 17    Str: 25    XL:     11   Next: 27%
Magic:  8/10       EV: 12    Int:  5    God:    the Shining One [*****.]
Gold:   336        SH: 12    Dex: 10    Spells: 10/10 levels left

rFire   . . .        i - +6 falchion (holy)
rCold   . . .        c - +0 buckler
rNeg    + + .        B - +0 plate armour
rPois   .            (helmet restricted)
rElec   .            (no cloak)
rCorr   +            g - +0 pair of gloves
SInv    .            (no boots)
Will    .....        w - amulet of the acrobat Stlth
                     C - ring of resist corrosion
HPRegen 0.36/turn    H - +5 ring of evasion
MPRegen 0.12/turn

%: acrobat
@: divinely shielded, glowing, very slow
A: horns 2, retaliatory headbutt
a: Renounce Religion, Divine Shield, Cleansing Flame, Summon Divine Warrior


You were on level 8 of the Dungeon.
You worshipped the Shining One.
The Shining One was extremely pleased with you.
You visited 3 branches of the dungeon, and saw 11 of its levels.
You also visited: Bailey.

You collected 584 gold pieces.
You spent 248 gold pieces at shops.

Inventory:

Hand Weapons
 a - a +1 whip of freezing
 i - a +6 falchion of holy wrath (weapon)
 j - a +3 battleaxe
 n - a +2 orcbow of flaming
 u - a +1 short sword of venom
 v - the +2 dagger of Fedhas's Outrage {heavy, Fly rPois}
   (You found it on level 4 of the Dungeon)

   rPois:     It protects you from poison Fly: It grants you flight.
 x - the +9 hand axe "Omyhaosua" {vamp, Will+ Int+3}
   (You bought it in a shop on level 4 of the Dungeon)

   Int+3:     It affects your intelligence (+3).
   Will+:     It increases your willpower.
   The Shining One disapproves of the use of such an item.
 A - a +2 halberd
 E - a +4 short sword of freezing
 L - a +1 scimitar of flaming
 N - a +2 hand axe of venom
Missiles
 e - 130 stones
 f - 42 poisoned darts
 z - 6 boomerangs
Armour
 c - a +0 buckler (worn)
 g - a +0 pair of gloves (worn)
 B - a +0 plate armour (worn)
 I - a +4 chain mail of ponderousness
 O - +0 acid dragon scales
Jewellery
 l - a ring of wizardry
 w - an amulet of the acrobat (around neck)
 C - a ring of resist corrosion (left hand)
 H - a +5 ring of evasion (right hand)
Talismans
 F - a beast talisman
 J - a serpent talisman
Wands
 t - a wand of paralysis (9)
Scrolls
 b - a scroll of torment {unknown}
 q - 2 scrolls of summoning {unknown}
 r - a scroll of vulnerability {unknown}
 y - a scroll of amnesia
Potions
 d - 3 potions of mutation {unknown}
 h - a potion of haste {unknown}
 k - 2 potions of enlightenment
 m - a potion of ambrosia {unknown}
 o - 2 potions of attraction {unknown}
 D - a potion of cancellation
 G - a potion of resistance {unknown}
 K - a potion of degeneration {unknown}
 M - a potion of invisibility {unknown}


   Skills:
 + Level 9.3 Fighting
 + Level 6.7 Long Blades
 + Level 7.2(9.2) Axes
 + Level 8.7(9.9) Polearms
 * Level 12.3 Armour
 + Level 9.1 Shields


You had 10 spell levels left.
You didn't know any spells.
Your spell library contained the following spells:

 Spells                   Type           Power      Damage    Failure   Level
 Kiss of Death            Conj/Necr      0%         2d5       99%         1
 Slow                     Hex            0%         N/A       99%         1
 Sting                    Tmut/Pois      0%         1d3       99%         1
 Cigotuvi's Dreadful Rot  Necr/Pois/Air  0%         N/A       100%        2
 Ensorcelled Hibernation  Hex/Ice        0%         N/A       100%        2
 Poisonous Vapours        Pois/Air       0%         N/A       100%        2
 Searing Ray              Conj           0%         2d4       100%        2
 Confusing Touch          Hex            0%         N/A       100%        3
 Dazzling Flash           Conj/Hex       0%         N/A       100%        3
 Frozen Ramparts          Ice            0%         1d1       100%        3
 Hailstorm                Conj/Ice       0%         3d3       100%        3
 Ignite Poison            Fire/Tmut/Pois 0%         N/A       100%        3
 Inner Flame              Hex/Fire       0%         N/A       100%        3
 Mephitic Cloud           Conj/Pois/Air  0%         N/A       100%        3
 Summon Guardian Golem    Hex/Summ       0%         N/A       100%        3
 Animate Armour           Summ/Erth      0%         N/A       100%        4
 Dispel Undead            Necr           0%         3d6       100%        4
 Flame Wave               Conj/Fire      0%         2d4       100%        4
 Olgreb's Toxic Radiance  Pois           0%         N/A       100%        4
 Petrify                  Tmut/Erth      0%         N/A       100%        4
 Sticky Flame             Conj/Fire      0%         2d3       100%        4
 Summon Lightning Spire   Summ/Air       0%         N/A       100%        4
 Agony                    Necr           0%         N/A       100%        5
 Alistair's Intoxication  Tmut/Pois      0%         N/A       100%        5
 Freezing Cloud           Conj/Ice/Air   0%         6-21      100%        5
 Lee's Rapid Deconstruct  Erth           0%         3d4*      100%        5
 Metabolic Englaciation   Hex/Ice        0%         N/A       100%        5
 Simulacrum               Ice/Necr       0%         N/A       100%        6
 Enfeeble                 Hex            0%         N/A       100%        7
 Polar Vortex             Ice            0%         N/A       100%        9


Dungeon Overview and Level Annotations

Branches:
Dungeon (9/15)             Temple (1/1) D:6            Lair (1/5) D:8
    Orc (0/2) D:9          Bailey (visited)

Altars:
Ashenzari
Cheibriados
Dithmenos
Elyvilon
Fedhas
Gozag
Hepliaklqana
Kikubaaqudgha
Makhleb
Nemelex Xobeh
Okawaru
Qazlal
Ru
Sif Muna
Trog
Uskayaw
Vehumet
Wu Jian
Xom
Yredelemnul
Zin
The Shining One

Shops:
D:4 (   D:8 (


Innate Abilities, Weirdness & Mutations

You have a pair of horns on your head.
You reflexively headbutt those who attack you in melee.


Message History

The death yak barely misses you. The death yak gores you!!
* * * LOW HITPOINT WARNING * * *
The death yak attacks as it pursues you!
The death yak completely misses you. You furiously retaliate!
You headbutt the death yak! You slash the death yak!
You headbutt the death yak, but do no damage.
The death yak is heavily wounded.
The death yak completely misses you.
You hit the death yak. You headbutt the death yak!
The death yak is severely wounded.
The death yak gores you but does no damage.
The death yak gores you.
* * * LOW HITPOINT WARNING * * *
You hit the death yak but do no damage. You headbutt the death yak!
The death yak is severely wounded.
The death yak gores you but does no damage. x2
You hit the death yak but do no damage.
You headbutt the death yak, but do no damage.
The death yak is severely wounded.
The death yak gores you.
* * * LOW HITPOINT WARNING * * *
The death yak gores you but does no damage.
You slash the death yak! You headbutt the death yak!
You kill the death yak!
The death yak misses you.
You enter the shallow water.
Moving in this stuff is going to be slow.
You block the death yak's attack.
You see here a death yak corpse.
Your unstable footing causes you to fumble your attack.
The death yak gores you.
* * * LOW HITPOINT WARNING * * *
You slash the death yak! You headbutt the death yak.
The death yak is almost dead.
The death yak gores you!
* * * LOW HITPOINT WARNING * * *
Your unstable footing causes you to fumble your attack.
The death yak gores you!
You die...

#########'####..............###..
...[.[......................~##..
...[.[................#..........
...............................##
##'###########....#.#...#......#.
#..................###.###......#
#...............#.#.#....#......#
#.##########....#..#.....#.......
#.#.............@.....>.....#....
#.#.........#...Y..#............#
#.#..^......#.....#.....##.......
#.#.........##......##.####......
#.###########.....#.#...##.......
#.............................#..
#..............~.............#...
#########'#######...........#....
..................#........#.....


You could see a death yak.

Vanquished Creatures
  Erica (D:9)
  3 death yaks
  Pikel (D:5)
  A gargoyle (Bailey)
  A rime drake (D:8)
  A polar bear (D:8)
  Eustachio (D:5)
  2 vampires
  2 wraiths
  A steam dragon (D:7)
  Menkaure (D:5)
  3 vampire mosquitoes
  3 wargs (D:9)
  An acid dragon (D:9)
  3 water moccasins
  Duvessa (D:4)
  5 orc warriors
  3 ice beasts
  2 black bears
  3 centaurs
  An ogre (D:5)
  2 wolves (D:8)
  A lemure (D:5)
  3 kobold brigands
  2 gnoll sergeants
  3 bullfrogs
  3 scorpions (D:5)
  9 wights
  Dowan (D:4)
  6 vampire bats (Bailey)
  7 wolf zombies (Bailey)
  3 hounds
  2 jellies
  An orc priest (D:7)
  2 iguanas
  7 orc wizards
  A sleepcap (D:5)
  Ijyb (D:4)
  Robin (D:4)
  10 adders
  18 gnolls
  A shadow imp (D:5)
  2 white imps
  4 worms
  A dart slug (D:5)
  17 orcs
  5 endoplasms
  4 giant cockroaches
  10 goblins
  12 hobgoblins
  6 jackals
  4 quokkas
  6 ball pythons
  5 bats
  2 frilled lizards (D:2)
  A goblin skeleton (D:4)
  2 goblin zombies (D:4)
  6 hobgoblin zombies (D:4)
  36 kobolds
  An orc skeleton (D:4)
  28 orc zombies
  5 rats
281 creatures vanquished.

Vanquished Creatures (others)
  A hobgoblin (D:4)
1 creature vanquished.

Grand Total: 282 creatures vanquished

Notes
Turn   | Place    | Note
-------+----------+-------------------------------------------
     0 | D:1      | Frost42 the Minotaur Fighter began the quest for the Orb.
     0 | D:1      | Reached XP level 1. HP: 19/19 MP: 0/0
   222 | D:1      | Reached XP level 2. HP: 23/27 MP: 1/1
   234 | D:1      | Reached skill level 4 in Armour
   854 | D:2      | Reached XP level 3. HP: 33/33 MP: 2/2
  1339 | D:3      | Identified the "Juymaavu"
  1511 | D:3      | Noticed a black bear
  1518 | D:3      | Killed a black bear
  1519 | D:3      | Reached skill level 5 in Armour
  1519 | D:3      | Reached XP level 4. HP: 35/41 MP: 3/3
  1519 | D:3      | Reached XP level 5. HP: 40/47 MP: 4/4
  2462 | D:4      | Noticed Duvessa
  2462 | D:4      | Noticed Dowan
  2651 | D:4      | Killed Duvessa
  2652 | D:4      | Reached skill level 5 in Fighting
  2652 | D:4      | Reached skill level 6 in Armour
  2652 | D:4      | Reached XP level 6. HP: 43/56 MP: 5/5
  2656 | D:4      | Found Ceuwn's Antique Weapon Shop.
  2665 | D:4      | Killed Dowan
  2666 | D:4      | Reached skill level 5 in Shields
  2717 | D:4      | Identified the +2 dagger of Fedhas's Outrage {heavy, Fly
                  | rPois}
  2743 | D:4      | Noticed Robin
  2781 | D:4      | Killed Robin
  3263 | D:4      | Found a glowing golden altar of the Shining One.
  3377 | D:4      | Became a worshipper of the Shining One
  3625 | D:4      | Bought a twisted hand axe for 248 gold pieces
  3625 | D:4      | Identified the +9 hand axe "Omyhaosua" {vamp, Will+ Int+3}
                  | (You bought it in a shop on level 4 of the Dungeon)
  3890 | D:4      | Noticed Ijyb
  3901 | D:4      | Killed Ijyb
  3902 | D:4      | Reached XP level 7. HP: 60/61 MP: 6/6
  4199 | D:5      | Entered Level 5 of the Dungeon
  4336 | D:5      | Reached skill level 7 in Armour
  4425 | D:5      | Reached skill level 1 in Axes
  4436 | D:5      | Noticed Eustachio
  4553 | D:5      | Reached skill level 5 in Polearms
  5069 | D:5      | Killed Eustachio
  5070 | D:5      | Reached skill level 8 in Armour
  5070 | D:5      | Reached XP level 8. HP: 54/70 MP: 7/7
  5159 | D:5      | Noticed Pikel
  5173 | D:5      | Killed Pikel
  5201 | D:5      | Noticed Menkaure
  5215 | D:5      | Killed Menkaure
  5221 | D:5      | HP: 1/71 [orc warrior/+0 flail (7)]
  5578 | D:5      | Reached skill level 9 in Armour
  5686 | D:5      | Reached * piety under the Shining One
  5687 | D:5      | Reached XP level 9. HP: 70/78 MP: 8/8
  5913 | D:6      | Identified the "Uffeivy"
  6184 | D:6      | Found a white marble altar of Elyvilon.
  6217 | D:6      | Found a staircase to the Ecumenical Temple.
  6466 | D:6      | Found a burning altar of Makhleb.
  6958 | Temple   | Entered the Ecumenical Temple
  7213 | D:7      | Reached skill level 10 in Armour
  7262 | D:7      | Reached skill level 5 in Axes
  7493 | D:7      | Reached ** piety under the Shining One
  7918 | D:8      | Identified the "Qievvug"
  7918 | Bailey   | Identified the "Gukuntir"
  7919 | D:8      | Found a shimmering blue altar of Sif Muna.
  7921 | D:8      | Found a hazy altar of Hepliaklqana.
  7923 | D:8      | Found a shadowy altar of Dithmenos.
  7925 | D:8      | Found an ancient bone altar of Kikubaaqudgha.
  8012 | D:8      | Noticed a rime drake
  8013 | D:8      | Noticed a polar bear
  8057 | D:8      | Reached XP level 10. HP: 56/88 MP: 9/9
  8223 | D:8      | Found Jyni's Weapon Emporium.
  8290 | D:8      | Found a staircase to the Lair.
  8348 | D:8      | Reached skill level 5 in Long Blades
  8446 | D:8      | Found a flagged portal.
  8534 | Bailey   | Entered a bailey
  8628 | Bailey   | Reached *** piety under the Shining One
  8686 | Bailey   | Reached skill level 11 in Armour
  8699 | Bailey   | Reached **** piety under the Shining One
  8816 | Bailey   | Noticed a gargoyle
  8824 | Bailey   | Killed a gargoyle
  9527 | IceCv    | Identified the "Loanek"
  9527 | Lair:1   | Entered Level 1 of the Lair of Beasts
  9561 | Lair:1   | Noticed a death yak
  9562 | Lair:1   | Noticed a death yak
  9562 | Lair:1   | Noticed a death yak
  9617 | Lair:1   | Killed a death yak
  9657 | D:9      | Noticed Erica
  9798 | D:9      | Found a staircase to the Orcish Mines.
  9827 | D:9      | Killed Erica
  9828 | D:9      | Reached XP level 11. HP: 33/97 MP: 10/10
 10003 | D:9      | Reached ***** piety under the Shining One
 10029 | D:9      | Reached skill level 12 in Armour
 10734 | Lair:1   | Noticed a death yak
 10749 | Lair:1   | Noticed a death yak
 10794 | D:8      | Killed a death yak
 10971 | D:8      | Killed a death yak
 10975 | D:8      | Mangled by a death yak

Illustrated notes

Levels and vault maps discovered:
D:1:      lightli_arrival_boilingwater, layout_rooms, minmay_tetromino_o2
D:2:      layout_basic
D:3:      minmay_octagon_keep, layout_basic
D:4:      kennysheep_kobold_camp, layout_loops_ring,
          nicolae_tso_besieged_by_evil, serial_shops,
          nicolae_shop_competitors_out_of_business, uniq_duvessa, uniq_robin,
          uniq_ijyb
D:5:      layout_cave_pools, chequers_serial_rivers_large_b, uniq_pikel,
          uniq_menkaure, uniq_eustachio
D:6:      layout_gridville, elyvilon_altar_5, lightli_temple_of_fire,
          temple_doors_e
D:7:      layout_layer_cave, hangedman_abyss_or_decor_stabs
D:8:      layout_basic, mainiacjoe_overflow_alcove_3, hellmonk_lair_entry_icy,
          enter_bailey_8, serial_shops, nicolae_shop_gibbet_a_chance
D:9:      layout_roguey, minmay_orc_entry_guard_dogs, uniq_erica
Temple:   eino_wide_crystal_templ
Lair:1:   layout_layer_cave

Skill      XL: |  1  2  3  4  5  6  7  8  9 10 11 |
---------------+----------------------------------+-----
Armour         | 4 5 6 8 9 10 11 12 | 12.3
Fighting       | 4 5 6 7 9 |  9.3
Shields        | 4 5 6 7 8 9 |  9.1
Polearms       | 3 4 5 6 7 8 |  8.7
Axes           | 2 3 5 6 7 |  7.2
Long Blades    | 2 4 6 |  6.7

Action                     |  1- 3 |  4- 6 |  7- 9 | 10-12 || total
---------------------------+-------+-------+-------+-------++-------
  Melee: Trident           |    56 |   207 |    73 |       ||   336
         Headbutt          |     9 |    28 |    55 |    86 ||   178
         Falchion          |       |       |   151 |   260 ||   411
  Throw: Stone             |     8 |     1 |       |       ||     9
         Dart              |       |    10 |    37 |     2 ||    49
         Boomerang         |       |       |       |     7 ||     7
 Invoke: Divine Shield     |       |       |     1 |     1 ||     2
  Evoke: Wand              |       |     2 |    14 |     9 ||    25
    Use: Potion            |     1 |     1 |     4 |     5 ||    11
         Scroll            |       |     5 |    10 |       ||    15
 Armour: Scale mail        |    14 |       |       |       ||    14
         Chain mail        |    40 |   190 |       |       ||   230
         Plate armour      |       |    11 |   254 |   236 ||   501
  Dodge: Dodged            |    29 |    97 |   210 |   183 ||   519
  Block: Buckler           |    14 |    48 |    89 |    70 ||   221

Table legend: (Time is in decaauts)
 A = Elapsed time spent in this place.
 B = Non-inter-level travel time spent in this place.
 C = Inter-level travel time spent in this place.
 D = Time resting spent in this place.
 E = Time spent auto-exploring this place.
 F = Levels seen in this place.
 G = Mean time per level.
                   A        B        C        D        E       F      G
               +--------+--------+--------+--------+--------+-----+--------+
         Total |  11145 |   9455 |   1690 |      0 |   2182 |  12 |  928.8 |
       Dungeon |  10430 |   8755 |   1675 |      0 |   2153 |   9 | 1158.9 |
        Temple |     47 |     32 |     15 |      0 |      0 |   1 |   47.0 |
          Lair |    163 |    163 |      0 |      0 |      0 |   1 |  163.0 |
        Bailey |    502 |    502 |      0 |      0 |     29 |   1 |  502.0 |
               +--------+--------+--------+--------+--------+-----+--------+

Top non-repeatable levels by time:
     D:4: 2180 daAuts
     D:8: 1492 daAuts
     D:5: 1433 daAuts
     D:3: 1131 daAuts
     D:6: 1029 daAuts
     D:9: 895 daAuts
     D:7: 829 daAuts
     D:2: 815 daAuts
     D:1: 623 daAuts
  Bailey: 502 daAuts
  Lair:1: 163 daAuts
  Temple: 47 daAuts
